 Dungeon Crawl Stone Soup version 0.26.1-11-gd32895ea62 (webtiles) character file.

Game seed: 9489667383947617018

234 Almogavar the Firebug (level 6, -6/41 HPs)
             Began as a Human Fire Elementalist on June 2, 2021.
             Killed by divine providence
             ... invoked by an orc priest
              (12 damage)
             ... on level 3 of the Dungeon.
             The game lasted 00:14:36 (3910 turns).

Almogavar the Firebug (Human Fire Elementalist)     Turns: 3910, Time: 00:14:37

Health: -6/41      AC:  3    Str:  8    XL:     6   Next: 26%
Magic:  8/11       EV:  9    Int: 18    God:
Gold:   163        SH:  0    Dex: 13    Spells: 11/12 levels left

rFire    . . .     SeeInvis .   e - -1 short sword (curse)
rCold    . . .     Faith    .   (no shield)
rNeg     . . .     Spirit   .   a - +0 robe
rPois    +         Reflect  .   (no helmet)
rElec    .         Harm     .   (no cloak)
rCorr    .         Rampage  .   h - +0 pair of gloves
Will     .....                  (no boots)
Stlth    ++........             (no amulet)
HPRegen  0.13/turn              r - -4 ring of evasion (curse)
MPRegen  0.12/turn              i - ring of poison resistance

@: no status effects
A: no striking features
a: no special abilities


You were on level 3 of the Dungeon.
You visited 1 branch of the dungeon, and saw 4 of its levels.

You collected 163 gold pieces.

Inventory:

Hand Weapons
 e - a cursed -1 short sword (weapon)
 q - a +1 dagger of speed
Armour
 a - a +0 robe (worn)
 h - a +0 pair of gloves (worn)
 o - a +0 leather armour
Jewellery
 b - a +4 ring of protection
 d - an uncursed ring of positive energy
 i - a ring of poison resistance (right hand)
 r - a cursed -4 ring of evasion (left hand)
Scrolls
 g - 2 scrolls of fog
Potions
 c - a potion of attraction {unknown}
 j - 2 potions of heal wounds
 k - a potion of curing {unknown}
 l - a potion of resistance {unknown}
 m - a potion of degeneration {unknown}
 n - a potion of berserk rage {unknown}
 p - a potion of mutation {unknown}


   Skills:
 + Level 0.3 Fighting
 + Level 0.1 Short Blades
 + Level 2.6 Dodging
 + Level 2.6 Stealth
 + Level 3.6 Spellcasting
 + Level 2.6 Conjurations
 + Level 4.2 Fire Magic


You had 11 spell levels left.
You knew the following spells:

 Your Spells              Type           Power        Failure   Level
a - Foxfire               Conj/Fire      60%          3%          1

Your spell library contained the following spells:

 Spells                   Type           Power        Failure   Level
 Conjure Flame            Conj/Fire      15%          12%         3
 Beastly Appendage        Tmut           6%           16%         1
 Corona                   Hex            3%           16%         1
 Inner Flame              Hex/Fire       10%          19%         3
 Ensorcelled Hibernation  Hex/Ice        6%           24%         2
 Wereblood                Tmut           3%           24%         2
 Dazzling Flash           Conj/Hex       14%          26%         3
 Sticky Flame             Conj/Fire      15%          36%         4
 Confusing Touch          Hex            3%           43%         3
 Spider Form              Tmut/Pois      1%           43%         3
 Tukima's Dance           Hex            3%           43%         3
 Fireball                 Conj/Fire      7%           71%         5
 Ice Form                 Ice/Tmut       3%           83%         4
 Blade Hands              Tmut           1%           99%         5


Dungeon Overview and Level Annotations

Branches:
Dungeon (4/15)
 Temple: D:4-7

Altars:
Ashenzari
Qazlal


Message History

There is a stone staircase leading down here.
Unknown command.
You can't go up here!
Casting: Foxfire (safe; 3% risk of failure)
Confirm with . or Enter, or press ? or * to list all spells.
You conjure some foxfire!
The orc closely misses you. The orc hits you with a cursed -1 club.
* * * LOW HITPOINT WARNING * * *
The orc priest hits you with a +0 flail.
* * * LOW HITPOINT WARNING * * *
The foxfire hits the orc.
The orc is severely wounded.
The foxfire hits the orc.
You kill the orc!
Casting: Foxfire (safe; 3% risk of failure)
Confirm with . or Enter, or press ? or * to list all spells.
You conjure some foxfire!
The orc closely misses you.
The orc priest calls down the wrath of Beogh upon you.
Beogh smites you!
You die...

.......# ##......##.#######
.......# #..##.###.......#
.......# ##.##.# #######.#
.......#####..#.##### #.#
.......##...........# #.#
.......##...........# #.#
.......##...........#####.#
........#.....)oov........#
........#.......@...#######
........#.......v...#
........#...........#
........#...........#
........#...........#
........#...........#
........#############
#########


You could see an orc priest and an orc.

Vanquished Creatures
  5 adders
  6 gnolls
  An ooze (D:1)
  3 dart slugs
  6 leopard geckos
  11 orcs (D:3)
  7 bats
  5 giant cockroaches
  11 goblins
  15 hobgoblins
  6 jackals
  12 kobolds
  2 quokkas
  3 frilled lizards
  6 rats
99 creatures vanquished.

Vanquished Creatures (collateral kills)
  A foxfire (D:3)
1 creature vanquished.

Vanquished Creatures (others)
  276 foxfires
  2 plants (D:3)
  4 toadstools (D:1)
282 creatures vanquished.

Grand Total: 382 creatures vanquished

Notes
Turn   | Place    | Note
-------+----------+-------------------------------------------
     0 | D:1      | Almogavar the Human Fire Elementalist began the quest for
                  | the Orb.
     0 | D:1      | Reached XP level 1. HP: 13/13 MP: 3/3
    97 | D:1      | Reached XP level 2. HP: 19/19 MP: 0/5
   428 | D:1      | Reached XP level 3. HP: 24/24 MP: 4/6
   970 | D:1      | Reached XP level 4. HP: 30/30 MP: 4/7
  1173 | D:2      | Found a stormy altar of Qazlal.
  2063 | D:3      | Reached XP level 5. HP: 32/35 MP: 5/9
  2110 | D:3      | Reached skill level 4 in Fire Magic
  2586 | D:3      | Found a broken altar of Ashenzari.
  2904 | D:3      | Reached XP level 6. HP: 41/41 MP: 8/11
  3910 | D:3      | Killed from afar by an orc priest

Illustrated notes

Levels and vault maps discovered:
D:1:      ldierk_water_garden, layout_loops_ring
D:2:      layout_basic, general_overflow_altar
D:3:      corexii_shack_village, layout_basic, ashenzari_altar_1
D:4:      layout_rooms, gup_sewer_entry_bowl

Skill      XL: |  1  2  3  4  5 |
---------------+----------------+-----
Fire Magic     | 4 |  4.2
Conjurations   | 2 |  2.6
Spellcasting   | 3 |  3.6
Fighting       | |  0.3
Short Blades   | |  0.1
Dodging        | |  2.6
Stealth        | |  2.6

Action                   |  1- 3 |  4- 6 || total
-------------------------+-------+-------++-------
Melee: Short sword       |     5 |    19 ||    24
 Cast: Foxfire           |    48 |   121 ||   169
  Use: Scroll            |       |     7 ||     7
 Stab: Sleeping          |       |     1 ||     1
Armor: Robe              |     4 |    26 ||    30
Dodge: Dodged            |    15 |    76 ||    91
